[Event "fics rated crazyhouse match"]
[Site "fics, Oklahoma City, OK USA"]
[Date "2000.01.05"]
[White "DKiller"]
[WhiteElo "2213"]
[Black "LINDEGREN"]
[BlackElo "2252"]
[TimeControl "180+0"]
[Result "0-1"]

1. e4 e6 2. d4 Nf6 3. e5 Ne4 4. Bd3 d5 5. exd6 Nxd6 6. Nc3 
Nc6 7. Nf3 P@g4 8. Ne5 Nxd4 9. Qxg4 N4f5 10. Bxf5 exf5 11. Qe2 P@e4 
12. N@h5 B@d4 13. Bf4 Be6 14. P@h6 Rg8 15. hxg7 Bxg7 16. Nxg7+ Rxg7 17. B@g3 
P@f6 18. P@h6 Rg8 19. Nxf7 Kxf7 20. P@d5 Bxc3+ 21. bxc3 Bxd5 22. Bxd6 cxd6 
23. B@c4 B@e6 24. Bxd5 Bxd5 25. P@c4 P@d2+ 26. Kxd2 e3+ 27. Qxe3 N@e4+ 28. Qxe4 
Bxe4 29. P@e6+ Ke7 30. P@f7 Rxg3 31. hxg3 B@g5+ 32. B@f4 Bxf4+ 33. gxf4 N@b6 
34. N@g8+ Kxe6 35. N@d4+ Kd7 36. B@e6+ Kc7 37. R@e8 P@e3+ 38. fxe3 Q@f2+ 39. P@e2 
Nxc4# 
{DKiller forfeits on time} 0-1

[Event "fics rated crazyhouse match"]
[Site "fics, Oklahoma City, OK USA"]
[Date "2000.01.05"]
[White "LINDEGREN"]
[WhiteElo "2259"]
[Black "DKiller"]
[BlackElo "2206"]
[TimeControl "180+0"]
[Result "1-0"]

1. e4 e6 2. Nf3 Nc6 3. d4 Nf6 4. Bd3 d5 5. e5 Ne4 6. O-O 
Be7 7. c3 Rg8 8. Qe2 f5 9. exf6 Nxf6 10. Ne5 P@f7 11. Nxc6 bxc6 
12. N@e5 Bd7 13. P@g5 Ne4 14. Bxe4 dxe4 15. Qxe4 B@f5 16. Qe3 N@d5 17. Qg3 
Bxb1 18. Qh4 Bf5 19. Nxf7 Kxf7 20. N@e5+ Kf8 21. P@f7 Rh8 22. P@h6 gxh6 
23. Qxh6+ P@g7 24. Qxg7+ Kxg7 25. P@h6+ Kf8 26. P@g7# 
{DKiller checkmated} 1-0

[Event "fics rated crazyhouse match"]
[Site "fics, Oklahoma City, OK USA"]
[Date "2000.01.05"]
[White "DKiller"]
[WhiteElo "2199"]
[Black "LINDEGREN"]
[BlackElo "2266"]
[TimeControl "180+0"]
[Result "0-1"]

1. e4 Nf6 2. e5 Nd5 3. d4 e6 4. Nf3 d6 5. exd6 Bxd6 6. Nc3 
Nc6 7. Nxd5 exd5 8. Bb5 Qe7+ 9. P@e5 P@g4 10. Nd2 Bxe5 11. dxe5 Qxe5+ 
12. B@e2 N@h4 13. Rg1 P@f3 14. N@d3 Qe7 15. gxf3 Nxf3+ 16. Nxf3 gxf3 17. Nf4 
fxe2 18. Qxe2 N@f3+ 19. Kd1 Qxe2+ 20. Nxe2 Nxg1 21. Bxc6+ bxc6 22. P@f6 R@e1+ 
23. Kxe1 Nf3+ 24. Kf1 Bh3+ 25. P@g2 Q@e1# 
{DKiller checkmated} 0-1

[Event "fics rated crazyhouse match"]
[Site "fics, Oklahoma City, OK USA"]
[Date "2000.01.05"]
[White "LINDEGREN"]
[WhiteElo "2272"]
[Black "DKiller"]
[BlackElo "2193"]
[TimeControl "180+0"]
[Result "0-1"]

1. e4 e6 2. d4 Nc6 3. Nf3 Nf6 4. Bd3 d5 5. e5 Nd7 6. c3 
Be7 7. O-O O-O 8. Be3 f5 9. exf6 Nxf6 10. Ne5 P@e4 11. Be2 Nxe5 
12. dxe5 Nd7 13. P@d4 b6 14. f3 exf3 15. Bxf3 N@f5 16. Qe2 Nxe3 17. Qxe3 
Ba6 18. P@d3 B@g5 19. Qe2 P@e4 20. N@e1 exf3 21. gxf3 c5 22. P@g2 cxd4 
23. cxd4 B@e3+ 24. Kh1 Bxd4 25. P@d6 Nxe5 26. dxe7 Qxe7 27. B@g3 P@f4 28. Bxf4 
Bxf4 29. Nc3 Bxc3 30. bxc3 Bxh2 31. B@f2 P@g3 32. Bd4 P@f6 33. Bxe5 fxe5 
34. N@g4 B@f4 35. P@e3 N@f2+ 36. Nxf2 gxf2 37. Qxf2 N@g3+ 38. Qxg3 Bhxg3 39. N@g4 
Bxe1 40. Raxe1 N@g3+ 41. Kg1 Nxf1 42. Kxf1 Bxd3+ 43. P@e2 R@h1+ 44. B@g1 P@d2 
45. Rd1 Q@e1+ 46. Rxe1 dxe1=Q+ 47. Kxe1 P@c2 48. N@c1 R@d1# 
{LINDEGREN resigns} 0-1

[Event "fics rated crazyhouse match"]
[Site "fics, Oklahoma City, OK USA"]
[Date "2000.01.05"]
[White "LSS"]
[WhiteElo "2367"]
[Black "Bobeskillz"]
[BlackElo "2114"]
[TimeControl "180+0"]
[Result "1-0"]

1. e4 e6 2. d4 Nf6 3. e5 Nd5 4. Nf3 d6 5. Be2 Nc6 6. O-O 
dxe5 7. Nxe5 Nxe5 8. dxe5 Be7 9. N@h5 N@f5 10. Nc3 P@g6 11. Nxg7+ Nxg7 
12. Nxd5 exd5 13. P@f6 Bxf6 14. exf6 Qxf6 15. B@g5 Qe6 16. N@f6+ Kf8 17. Nxd5 
P@h3 18. Nxc7 hxg2 19. Nxe6+ Bxe6 20. P@e7+ Kg8 21. Q@f8+ Rxf8 22. exf8=R+ Kxf8 
23. P@e7+ Ke8 24. Qd8# 
{Bobeskillz checkmated} 1-0

[Event "fics rated crazyhouse match"]
[Site "fics, Oklahoma City, OK USA"]
[Date "2000.01.05"]
[White "LINDEGREN"]
[WhiteElo "2269"]
[Black "DKiller"]
[BlackElo "2196"]
[TimeControl "180+0"]
[Result "1-0"]

1. e4 e6 2. d4 Nc6 3. c3 Nf6 4. Bd3 d5 5. e5 Ne4 6. Nh3 
Be7 7. O-O Rg8 8. Be3 Bd7 9. f3 Ng5 10. Bxg5 Bxg5 11. Bxh7 Rh8 
12. P@g6 fxg6 13. Bxg6+ P@f7 14. Bxf7+ Kxf7 15. P@f6 gxf6 16. Nxg5+ fxg5 17. B@f6 
P@e7 18. Bxg5 B@f8 19. Nd2 B@h6 20. f4 N@f5 21. Qh5+ Kg8 22. P@f7+ Kh7 
23. Bxh6 Bxh6 24. N@g5+ Kg7 25. P@f6+ exf6 26. exf6+ Qxf6 27. B@e5 Nxe5 28. dxe5 
Bxg5 29. exf6+ Bxf6 30. Q@g6+ Kf8 31. Qxf6 B@e3+ 32. P@f2 Bxf2+ 33. Rxf2 Rxh5 
34. N@g6# 
{DKiller checkmated} 1-0

[Event "fics rated crazyhouse match"]
[Site "fics, Oklahoma City, OK USA"]
[Date "2000.01.05"]
[White "pminear"]
[WhiteElo "2346"]
[Black "dovijanic"]
[BlackElo "2197"]
[TimeControl "180+0"]
[Result "0-1"]

1. e4 e6 2. Nc3 d5 3. exd5 exd5 4. Bb5+ c6 5. Qe2+ Be7 6. Ba4 
Nf6 7. d4 Bg4 8. f3 Bf5 9. Bf4 O-O 10. P@c7 Qd7 11. cxb8=Q Raxb8 
12. N@e5 Qe6 13. Nxc6 P@f2+ 14. Kxf2 bxc6 15. Bxb8 P@e3+ 16. Ke1 Rxb8 17. R@e5 
B@f2+ 18. Kd1 Bxg1 19. Rxe6 Bxe6 20. P@c7 Rf8 21. Rxg1 R@d2+ 22. Qxd2 exd2 
23. Q@e2 N@c4 24. B@f2 Nxb2+ 25. Kxd2 Nc4+ 26. Ke1 P@d2+ 27. Kf1 Q@b2 28. Rd1 
Qxc3 29. R@d3 N@e3+ 30. Bxe3 Nxe3+ 31. Rxe3 Qxe3 32. Qxe3 R@e1+ 33. Rxe1 dxe1=Q+ 
34. Qxe1 B@a6+ 35. P@d3 N@f5 36. Qxe6 R@e3 37. Qxf5 Re1+ 38. Kxe1 Bxd3 39. cxd3 
P@g6 40. Qe5 Bb4+ 41. P@c3 Nd7 42. Kf2 Nxe5 
{pminear forfeits on time} 0-1

[Event "fics rated crazyhouse match"]
[Site "fics, Oklahoma City, OK USA"]
[Date "2000.01.05"]
[White "dovijanic"]
[WhiteElo "2208"]
[Black "pminear"]
[BlackElo "2335"]
[TimeControl "180+0"]
[Result "0-1"]

1. e4 e5 2. Bc4 Nc6 3. Nf3 Bc5 4. O-O Nf6 5. Ng5 O-O 6. d3 
d5 7. exd5 Nxd5 8. Qh5 P@h6 9. Nxf7 Rxf7 10. Qxf7+ Kxf7 11. Nc3 Be6 
12. R@f3+ Kg8 13. Nxd5 Bxd5 14. Bxd5+ Qxd5 15. B@b3 B@e6 16. Bxd5 Bxd5 17. P@e4 
Be6 18. Be3 N@h4 19. Rg3 N@e2+ 20. Kh1 Nxg3+ 21. hxg3 B@f3 22. N@e1 Q@h3+ 
23. Q@h2 Bxg2+ 24. Nxg2 Qxh2+ 25. Kxh2 Nf3# 
{dovijanic resigns} 0-1

[Event "fics rated crazyhouse match"]
[Site "fics, Oklahoma City, OK USA"]
[Date "2000.01.05"]
[White "pminear"]
[WhiteElo "2340"]
[Black "DKiller"]
[BlackElo "2190"]
[TimeControl "180+0"]
[Result "1-0"]

1. e4 e6 2. Nc3 Nc6 3. d4 Bb4 4. a3 Ba5 5. e5 Nge7 6. Bg5 
h6 7. Bh4 d6 8. exd6 Qxd6 9. Bxe7 Qxe7 10. N@h5 B@f8 11. Bb5 Qg5 
12. Bxc6+ bxc6 13. Ng3 Bxc3+ 14. bxc3 B@b2 15. B@d2 P@f4 16. Nh3 fxg3 17. Nxg5 
gxf2+ 18. Kf1 hxg5 19. N@e4 Bxa1 20. Bxg5 P@f6 21. Bxf6 gxf6 22. Nxf6+ Ke7 
23. Q@e8+ Kxf6 24. P@e5+ Kg7 25. P@f6+ Kg8 26. Qg4+ B@g6 27. Qxg6+ fxg6 28. Qxg6+ 
R@g7 29. B@f7# 
{DKiller checkmated} 1-0

[Event "fics rated crazyhouse match"]
[Site "fics, Oklahoma City, OK USA"]
[Date "2000.01.05"]
[White "DKiller"]
[WhiteElo "2185"]
[Black "pminear"]
[BlackElo "2345"]
[TimeControl "180+0"]
[Result "1-0"]

1. e4 e5 2. Nf3 Nc6 3. Bc4 Bc5 4. O-O Nf6 5. d3 d6 6. Bg5 
Be6 7. Nc3 Bxc4 8. dxc4 B@e6 9. Nd5 Nd4 10. Bxf6 gxf6 11. Nxd4 Bxd5 
12. cxd5 Bxd4 13. N@g7+ Kf8 14. B@h6 Kg8 15. Nh5 B@g6 16. B@g7 Bxh5 17. Qxh5 
N@f4 18. Bxf4 exf4 19. Bxh8 B@g6 20. N@h6+ Kxh8 21. Nxf7+ Bxf7 22. Qxf7 Bxf2+ 
23. Rxf2 B@g7 24. Qxg7+ Kxg7 25. N@f5+ Kg8 26. B@e6+ P@f7 27. Bxf7+ Kxf7 28. B@e6+ 
Kg6 29. B@f7+ Kg5 30. B@h6# 
{pminear resigns} 1-0

[Event "fics rated crazyhouse match"]
[Site "fics, Oklahoma City, OK USA"]
[Date "2000.01.05"]
[White "pminear"]
[WhiteElo "2334"]
[Black "jtp"]
[BlackElo "2277"]
[TimeControl "180+0"]
[Result "1-0"]

1. e4 Nc6 2. Nc3 Nf6 3. Nf3 d5 4. exd5 Nxd5 5. Nxd5 Qxd5 6. N@e3 
Qd8 7. P@d5 Nb4 8. Bb5+ P@c6 9. dxc6 bxc6 10. Be2 N@f4 11. d4 Nxe2 
12. Qxe2 Ba6 13. Qd2 e6 14. N@e5 P@d7 15. P@d3 B@f4 16. O-O f6 17. a3 
fxe5 18. axb4 e4 19. dxe4 Bxf1 20. Kxf1 Be7 21. P@f7+ Kxf7 22. N@e5+ Kf8 
23. B@g3 R@h1+ 24. Ke2 Bxe3 25. Qxe3 P@f6 26. B@h6 Bxb4 27. Bxg7+ Kxg7 28. Qh6# 
{jtp resigns} 1-0

[Event "fics rated crazyhouse match"]
[Site "fics, Oklahoma City, OK USA"]
[Date "2000.01.05"]
[White "jtp"]
[WhiteElo "2270"]
[Black "pminear"]
[BlackElo "2341"]
[TimeControl "180+0"]
[Result "1-0"]

1. e4 e5 2. Nf3 Nc6 3. Bc4 Bc5 4. c3 Nf6 5. d4 exd4 6. O-O 
d5 7. exd5 Nxd5 8. cxd4 Bb4 9. P@e4 Nf6 10. e5 Nd5 11. Bg5 Be7 
12. Bxe7 Ncxe7 13. B@h4 B@h5 14. Nbd2 Bcg4 15. Re1 Nf4 16. P@f6 Nf5 17. fxg7 
Nxh4 18. gxh8=Q+ Kd7 19. Qxd8+ Rxd8 20. Nxh4 Bxd1 21. Q@f5+ Ne6 22. P@c6+ bxc6 
23. N@c5+ Kc8 24. Bxe6+ Kb8 25. Raxd1 P@b7 26. Qxh5 fxe6 27. Nxe6 B@d5 28. Nxd8 
Bxg2 29. N@d7+ Kc8 30. R@b8+ Kxd7 31. P@e6+ Ke7 32. Qf7# 
{pminear checkmated} 1-0

[Event "fics rated crazyhouse match"]
[Site "fics, Oklahoma City, OK USA"]
[Date "2000.01.05"]
[White "pminear"]
[WhiteElo "2331"]
[Black "jtp"]
[BlackElo "2280"]
[TimeControl "180+0"]
[Result "1-0"]

1. e4 Nc6 2. Nc3 Nf6 3. d4 d5 4. exd5 Nxd5 5. Nxd5 Qxd5 6. Nf3 
e5 7. N@e3 Qa5+ 8. Bd2 P@b4 9. Nc4 Qd5 10. dxe5 Bg4 11. Ne3 Bxf3 
12. Nxd5 Bxd5 13. Bb5 Rd8 14. Bg5 Rd7 15. Q@c8+ N@d8 16. Qxd7+ Kxd7 17. Qxd5+ 
Bd6 18. Bxc6+ bxc6 19. N@c5# 
{jtp resigns} 1-0

[Event "fics rated crazyhouse match"]
[Site "fics, Oklahoma City, OK USA"]
[Date "2000.01.05"]
[White "jtp"]
[WhiteElo "2275"]
[Black "Thufir"]
[BlackElo "2335"]
[TimeControl "60+0"]
[Result "0-1"]

1. e4 e6 2. Nc3 Nc6 3. Nf3 Nf6 4. Bb5 Bb4 5. Bxc6 bxc6 6. e5 
Nd5 7. N@h5 Rg8 8. Nxd5 cxd5 9. N@f6+ gxf6 10. Nxf6+ Qxf6 11. exf6 Rxg2 
12. Q@h8+ B@g8 13. c3 Bd6 14. d3 Rg6 15. Bg5 N@g2+ 16. Kd2 P@e4 17. Rg1 
exf3 18. Qxf3 Rxg5 19. Rxg2 B@f4+ 20. P@e3 Rxg2 21. Qxg2 c5 22. Qgxg8+ N@f8 
23. N@g7+ Kd8 24. R@e8+ Kc7 25. Rxf8 N@f3+ 26. Ke2 N@g1+ 27. Kf1 Nxh2+ 28. Kxg1 
Nf3+ 29. Kg2 Nh4+ 30. Kf1 P@g2+ 31. Ke2 R@c2+ 32. Kd1 Rxf2 33. B@a5+ P@b6 
34. Ne8+ Kb7 35. Nxd6+ Bxd6 36. N@d8+ Kb8 37. Nc6+ Kc7 38. Rxc8+ Kb7 
{jtp forfeits on time} 0-1

[Event "fics rated crazyhouse match"]
[Site "fics, Oklahoma City, OK USA"]
[Date "2000.01.05"]
[White "Thufir"]
[WhiteElo "2342"]
[Black "jtp"]
[BlackElo "2268"]
[TimeControl "60+0"]
[Result "0-1"]

1. e4 Nf6 2. Nc3 d5 3. exd5 Nxd5 4. d4 e6 5. Nf3 Bb4 6. Bd2 
P@a3 7. Nxd5 Bxd2+ 8. Qxd2 axb2 9. Rd1 Qxd5 10. N@c3 B@a5 11. Be2 Bxc3 
12. Qxc3 N@f4 13. O-O Nxe2+ 14. Kh1 Nxc3 15. B@a3 P@d6 16. B@d3 Qxf3 17. Rg1 
Qxf2 18. P@d2 Nxd1 19. Bxb2 Nxb2 20. P@e2 Qxg1+ 21. Kxg1 Q@e1+ 22. Q@f1 P@f2+ 
23. Kh1 Qxf1# 
{Thufir checkmated} 0-1

[Event "fics rated crazyhouse match"]
[Site "fics, Oklahoma City, OK USA"]
[Date "2000.01.05"]
[White "jtp"]
[WhiteElo "2278"]
[Black "Thufir"]
[BlackElo "2332"]
[TimeControl "60+0"]
[Result "0-1"]

1. e4 e6 2. Nc3 Nc6 3. d4 Nf6 4. e5 Nd5 5. Nxd5 exd5 6. Nf3 
d6 7. Bb5 Bg4 8. N@a5 N@b4 9. Nxb7 Qb8 10. Bxc6+ Nxc6 11. exd6 Qxb7 
12. Qe2+ B@e4 13. N@g5 Bxf3 14. gxf3 Nxd4 15. B@a4+ P@b5 16. Bxb5+ N@c6 17. Bxc6+ 
Qxc6 18. N@e5 Qxd6 19. Ngxf7 Qb4+ 20. Bd2 Nxc2+ 21. Kf1 P@g2+ 22. Kxg2 N@h4+ 
23. Kh3 B@e6+ 24. P@g4 Bxf7 25. P@d7+ Ke7 26. Nc6+ Kxd7 27. Nxb4 Bxb4 28. P@c6+ 
Ke7 29. Bxb4+ Nxb4 30. B@g5+ B@f6 31. Bxh4 N@f4+ 32. Kg3 Nxe2+ 33. Kg2 N@f4+ 
34. Kf1 P@g2+ 35. Ke1 Nc2+ 36. Kd2 P@c3# 
{jtp forfeits on time} 0-1

[Event "fics rated crazyhouse match"]
[Site "fics, Oklahoma City, OK USA"]
[Date "2000.01.05"]
[White "Thufir"]
[WhiteElo "2339"]
[Black "jtp"]
[BlackElo "2271"]
[TimeControl "60+0"]
[Result "1-0"]

1. e4 Nc6 2. Nc3 Nf6 3. d4 d5 4. exd5 Nxd5 5. Bd3 e6 6. Nf3 
Bb4 7. Bd2 Qe7 8. O-O Bxc3 9. bxc3 N@f4 10. Bxf4 Nxf4 11. B@g5 Nxd3 
12. Bxe7 Nxe7 13. cxd3 B@c6 14. P@h6 B@h5 15. hxg7 B@f6 16. gxh8=Q+ Bxh8 17. P@e2 
Bcxf3 18. exf3 N@f4 19. R@b2 P@h3 20. N@b5 Ned5 21. Q@g8+ Kd7 22. B@e8+ Ke7 
23. gxh3 Nxh3+ 24. Kh1 P@g2+ 25. Qxg2 Ndf4 26. N@g8+ Kxe8 27. Nxc7+ Kd7 28. Nxa8 
Nxg2 29. R@c7+ Ke8 30. Rxc8+ Kd7 31. Rc7+ Kd8 32. P@e7+ Ke8 33. P@d7# 
{jtp checkmated} 1-0

[Event "fics rated crazyhouse match"]
[Site "fics, Oklahoma City, OK USA"]
[Date "2000.01.05"]
[White "jtp"]
[WhiteElo "2265"]
[Black "Thufir"]
[BlackElo "2345"]
[TimeControl "60+0"]
[Result "1-0"]

1. e4 e6 2. Nc3 Nc6 3. Nf3 Nf6 4. e5 Nd5 5. Nxd5 exd5 6. d4 
Be7 7. N@h5 Rg8 8. Bd3 N@e4 9. Qe2 d6 10. Bxe4 dxe4 11. Qxe4 B@g6 
12. Nxg7+ Rxg7 13. Qe2 Bg4 14. P@f6 Rg8 15. fxe7 Kxe7 16. Bg5+ Kd7 17. Bxd8 
Bxf3 18. gxf3 Nxd4 19. N@f6+ Ke6 20. B@g4+ Nf5 21. Q@e7# 
{Thufir checkmated} 1-0

[Event "fics rated crazyhouse match"]
[Site "fics, Oklahoma City, OK USA"]
[Date "2000.01.05"]
[White "Thufir"]
[WhiteElo "2335"]
[Black "jtp"]
[BlackElo "2275"]
[TimeControl "60+0"]
[Result "0-1"]

1. e4 Nf6 2. Nc3 d5 3. exd5 Nxd5 4. d4 e6 5. Bd3 Bb4 6. Bd2 
Qe7 7. P@e5 P@a3 8. Nxd5 exd5 9. Nf3 axb2 10. Rb1 N@c3 11. Bxc3 Bxc3+ 
12. Kf1 P@e4 13. N@h5 f6 14. exf6 gxf6 15. P@g7 Rg8 16. Bb5+ Bd7 17. Bxd7+ 
Nxd7 18. Qe2 B@a6 19. B@b5 Bxb5 20. Qxb5 B@a6 21. Qxa6 bxa6 22. B@g4 Q@c1+ 
23. N@e1 exf3 24. Bxd7+ Kxd7 25. B@g4+ B@e6 26. Bxf3 Qxb1 27. P@c6+ Kxc6 28. N@d3 
Bf5 29. g4 Bxd3+ 30. Kg2 N@h4+ 31. Kh3 Nxf3 32. Nxf3 Qxh1 33. N@f4 B@f1+ 
34. Ng2 Qxg2+ 35. Kh4 Qh3# 
{Thufir checkmated} 0-1

[Event "fics rated crazyhouse match"]
[Site "fics, Oklahoma City, OK USA"]
[Date "2000.01.05"]
[White "jtp"]
[WhiteElo "2284"]
[Black "Thufir"]
[BlackElo "2326"]
[TimeControl "60+0"]
[Result "0-1"]

1. e4 e6 2. Nc3 Nc6 3. Nf3 Nf6 4. e5 Nd5 5. Nxd5 exd5 6. Bb5 
Be7 7. N@h5 Rg8 8. d4 N@e4 9. Qe2 d6 10. Bf4 Bg4 11. Nxg7+ Rxg7 
12. P@f6 Rg8 13. fxe7 Qxe7 14. B@h4 P@f6 15. exf6 Qd7 16. P@d3 Bxf3 17. gxf3 
N@g2+ 18. Kd1 Nxf4 19. dxe4 Nxe2 20. exd5 Nexd4 21. Re1+ B@e5 22. dxc6 bxc6 
23. N@g7+ Kd8 24. P@e7+ Kc8 25. Ba6+ P@b7 26. Bxb7+ Kxb7 27. N@a5+ Kb8 28. P@b7 
B@a6 29. e8=Q+ Rxe8 30. Nxe8 P@e2+ 31. Kd2 Nxf3+ 32. Ke3 Q@f4# 
{jtp checkmated} 0-1

[Event "fics rated crazyhouse match"]
[Site "fics, Oklahoma City, OK USA"]
[Date "2000.01.05"]
[White "Thufir"]
[WhiteElo "2333"]
[Black "jtp"]
[BlackElo "2277"]
[TimeControl "60+0"]
[Result "1-0"]

1. e4 Nc6 2. Nc3 Nf6 3. d4 d5 4. e5 Ne4 5. Nf3 e6 6. Be3 
Bb4 7. Bd3 Nxc3 8. bxc3 Bxc3+ 9. Bd2 Bxd4 10. Nxd4 Nxd4 11. Qg4 N@f5 
12. N@h5 P@g6 13. Nxg7+ Nxg7 14. Qxd4 Nf5 15. Bxf5 exf5 16. N@f6+ Qxf6 17. exf6 
N@c6 18. N@g7+ Kd7 19. Qxd5+ B@d6 20. B@e6+ Kd8 21. P@e7+ Nxe7 22. fxe7+ Kxe7 
23. Bg5+ P@f6 24. Bxf6+ Kxf6 25. N@h5+ Kg5 26. h4+ Kg4 27. Q@f3# 
{jtp checkmated} 1-0

[Event "fics rated crazyhouse match"]
[Site "fics, Oklahoma City, OK USA"]
[Date "2000.01.05"]
[White "jtp"]
[WhiteElo "2270"]
[Black "Thufir"]
[BlackElo "2340"]
[TimeControl "60+0"]
[Result "1-0"]

1. e4 e6 2. Nc3 d6 3. Nf3 Nf6 4. d4 Be7 5. Bd3 Nc6 6. e5 
Nxd4 7. exf6 Nxf3+ 8. Qxf3 Bxf6 9. N@h5 Rg8 10. Bxh7 N@d4 11. Nxf6+ gxf6 
12. Bxg8 Nxf3+ 13. gxf3 Qe7 14. Rg1 N@e5 15. N@g7+ Kd7 16. B@e8+ Kd8 17. Bexf7 
Nxf3+ 18. Kd1 Nxg1 19. R@e8+ Qxe8 20. Bxe8 Q@f1+ 21. N@e1 P@e2+ 22. Kd2 R@d1+ 
23. Ke3 R@e5+ 24. P@e4 P@d4+ 25. Kf4 Qxf2+ 26. P@f3 P@g5+ 27. Kg4 P@f5+ 28. Kh5 
Qxh2+ 29. Kg6 P@h7+ 30. Kf7 c6 31. Q@e7# 
{Thufir checkmated} 1-0

[Event "fics rated crazyhouse match"]
[Site "fics, Oklahoma City, OK USA"]
[Date "2000.01.05"]
[White "Thufir"]
[WhiteElo "2330"]
[Black "jtp"]
[BlackElo "2280"]
[TimeControl "60+0"]
[Result "1-0"]

1. e4 Nc6 2. Nc3 Nf6 3. d4 d5 4. exd5 Nxd5 5. Nxd5 Qxd5 6. Nf3 
Bg4 7. Be2 Rd8 8. Be3 e5 9. O-O e4 10. N@c3 exf3 11. Nxd5 fxe2 
12. Nxc7+ Kd7 13. P@f3 exd1=Q 14. Q@d5+ Bd6 15. Raxd1 B@e6 16. Qe4 P@h3 17. fxg4 
hxg2 18. Qxg2 N@h4 19. Nxe6 Nxg2 20. Nxd8 N@h3+ 21. Kh1 Q@d5 22. B@f5+ P@e6 
23. B@e4 Nxe3 24. fxe3 Q@e2 25. R@g2 exf5 26. Bxd5 Qxf1+ 27. Rxf1 R@e2 28. P@e6+ 
Kxd8 29. Q@d7# 
{jtp checkmated} 1-0

[Event "fics rated crazyhouse match"]
[Site "fics, Oklahoma City, OK USA"]
[Date "2000.01.05"]
[White "jtp"]
[WhiteElo "2273"]
[Black "Thufir"]
[BlackElo "2337"]
[TimeControl "60+0"]
[Result "0-1"]

1. e4 e6 2. d4 Nc6 3. Nc3 Bb4 4. Nf3 Nf6 5. e5 Nd5 6. Bd2 
d6 7. Nxd5 Bxd2+ 8. Qxd2 exd5 9. B@h4 B@e7 10. Bxe7 Qxe7 11. B@h4 f6 
12. Bb5 dxe5 13. dxe5 N@e4 14. Qxd5 Be6 15. Qxe4 B@d5 16. Qe2 Bxf3 17. gxf3 
N@d4 18. exf6 gxf6 19. B@h5+ P@g6 20. Bxc6+ bxc6 21. P@b7 Rd8 22. N@c8 Nxe2 
23. Nxe7 Q@d2+ 24. Kf1 P@g2+ 25. Kxg2 B@h3# 
{jtp checkmated} 0-1

[Event "fics rated crazyhouse match"]
[Site "fics, Oklahoma City, OK USA"]
[Date "2000.01.05"]
[White "Thufir"]
[WhiteElo "2344"]
[Black "jtp"]
[BlackElo "2266"]
[TimeControl "60+0"]
[Result "1-0"]

1. e4 d5 2. exd5 Qxd5 3. Nf3 e5 4. Nc3 Qa5 5. Be2 Nf6 6. O-O 
e4 7. Nd4 Bc5 8. Ndb5 O-O 9. P@e5 Ne8 10. Nxe4 Bxf2+ 11. Nxf2 P@g4 
12. Nxg4 Bxg4 13. Bxg4 Qb6+ 14. B@e3 Qxb5 15. P@e7 Nd7 16. exf8=Q+ Nxf8 17. B@d3 
Qxe5 18. R@e4 Qd5 19. P@e7 Ng6 20. Qf3 N@h4 21. Qxf7+ Qxf7 22. Rxf7 Q@e1+ 
23. Q@f1 P@f2+ 24. Rxf2 Qxf1+ 25. Rxf1 P@f7 26. P@d7 P@g3 27. dxe8=Q+ Rxe8 28. hxg3 
Nxg2 29. Kxg2 N@h4+ 30. Kf2 
{jtp forfeits on time} 1-0

[Event "fics rated crazyhouse match"]
[Site "fics, Oklahoma City, OK USA"]
[Date "2000.01.05"]
[White "jtp"]
[WhiteElo "2260"]
[Black "Thufir"]
[BlackElo "2350"]
[TimeControl "60+0"]
[Result "1-0"]

1. e4 e6 2. Nc3 Nc6 3. Nf3 Nf6 4. e5 Nd5 5. Nxd5 exd5 6. d4 
N@e4 7. Bd3 Rg8 8. Qe2 Nxf2 9. Kxf2 P@e4 10. Bxe4 dxe4 11. Qxe4 B@g6 
12. P@f5 d5 13. exd6+ Be7 14. fxg6 hxg6 15. P@h7 Rf8 16. dxe7 Nxe7 17. P@f6 
Bf5 18. Qxe7+ Qxe7 19. fxe7 Rh8 20. N@d5 Q@d6 21. Q@g8+ Kd7 22. N@e5+ Qxe5 
23. Nxe5+ Ke6 24. Qxf7+ Kd6 25. N@c4# 
{Thufir checkmated} 1-0

[Event "fics rated crazyhouse match"]
[Site "fics, Oklahoma City, OK USA"]
[Date "2000.01.05"]
[White "Thufir"]
[WhiteElo "2340"]
[Black "jtp"]
[BlackElo "2270"]
[TimeControl "60+0"]
[Result "1-0"]

1. e4 Nf6 2. Nc3 d5 3. exd5 Nxd5 4. d4 e6 5. Bd3 Bb4 6. Bd2 
P@a3 7. Nxd5 Bxd2+ 8. Qxd2 axb2 9. Rd1 Qxd5 10. P@e4 Qxa2 11. B@b3 B@a5 
12. N@c3 Bxc3 13. Qxc3 b1=Q 14. Bxa2 Qxd1+ 15. Kxd1 R@c6 16. B@b5 Bd7 17. Bxc6 
Nxc6 18. d5 B@b4 19. Qxg7 N@c3+ 20. Ke1 Nxd5+ 21. P@d2 O-O-O 22. R@a8+ N@b8 
23. P@c3 Ba3 24. exd5 exd5 25. Bxd5 Rhe8+ 26. P@e4 P@b2 27. Q@b1 Be6 28. Bxe6+ 
Rxe6 29. B@f5 B@d7 30. Bxe6 Bxe6 31. N@b5 P@a2 32. Nxa7+ Nxa7 33. Rxb8+ Kxb8 
34. N@a6+ bxa6 35. R@b3+ Bxb3 36. Ke2 axb1=Q 37. Kf3 Q@d1+ 38. P@e2 Bxc2 39. Bxc2 
Qbxc2 40. B@e3 N@e1+ 41. Kg3 N@f1+ 42. Kh3 B@d7+ 43. Kh4 
{jtp forfeits on time} 1-0

[Event "fics rated crazyhouse match"]
[Site "fics, Oklahoma City, OK USA"]
[Date "2000.01.05"]
[White "jtp"]
[WhiteElo "2264"]
[Black "Thufir"]
[BlackElo "2346"]
[TimeControl "60+0"]
[Result "0-1"]

1. e4 e6 2. Nc3 Nc6 3. Nf3 d5 4. exd5 exd5 5. Bb5 Nf6 6. d4 
Bb4 7. Bg5 Qe7+ 8. P@e5 P@g4 9. Bxf6 gxf6 10. N@e3 gxf3 11. Nxd5 fxg2 
12. Rg1 P@d2+ 13. Kxd2 N@e4+ 14. Kc1 Bxc3 15. Nxe7 Bxb2+ 16. Kxb2 B@c3+ 17. Kb3 
N@d2+ 18. Ka3 P@b4+ 19. Ka4 a6 20. Bxc6+ bxc6 21. N@g7+ Kxe7 22. exf6+ Nxf6 
23. B@c5+ P@d6 24. Q@e5+ N@e6 25. Nf5+ Kd7 26. Qxd2 B@b5+ 27. Kb3 Nxc5+ 28. dxc5 
B@c4# 
{jtp checkmated} 0-1

[Event "fics rated crazyhouse match"]
[Site "fics, Oklahoma City, OK USA"]
[Date "2000.01.05"]
[White "Thufir"]
[WhiteElo "2352"]
[Black "jtp"]
[BlackElo "2258"]
[TimeControl "60+0"]
[Result "1-0"]

1. e4 Nf6 2. Nc3 d5 3. exd5 Nxd5 4. d4 e6 5. Nf3 Bb4 6. Bd2 
Qe7 7. Bd3 P@a3 8. Nxd5 exd5+ 9. P@e5 axb2 10. N@h5 Bxd2+ 11. Nxd2 bxa1=Q 
12. Nxg7+ Kd8 13. Qxa1 B@g5 14. P@f6 Bxf6 15. Nh5 N@h4 16. Rg1 Rg8 17. Nxf6 
Rxg2 18. Rxg2 Nxg2+ 19. Kf1 R@h1+ 20. B@g1 P@h3 21. Nxd5 Nf4 22. Nxf4 P@g2+ 
23. Ke2 Nc6 24. B@f6 Bg4+ 25. P@f3 Nxd4+ 26. Qxd4+ R@d7 27. Bxe7+ Kxe7 28. Q@f6+ 
Ke8 29. R@g8+ B@f8 30. N@g7# 
{jtp checkmated} 1-0

[Event "fics rated crazyhouse match"]
[Site "fics, Oklahoma City, OK USA"]
[Date "2000.01.05"]
[White "jtp"]
[WhiteElo "2252"]
[Black "Thufir"]
[BlackElo "2358"]
[TimeControl "60+0"]
[Result "1-0"]

1. e4 e6 2. Nc3 Nc6 3. Nf3 d5 4. exd5 exd5 5. Bb5 d4 6. Ne4 
Bf5 7. Qe2 Qe7 8. d3 P@e5 9. P@a6 Bd7 10. axb7 Rb8 11. Bxc6 Bxc6 
12. N@f5 Qe6 13. N3xd4 exd4 14. Nxd4 Qe7 15. Nxc6 B@b4+ 16. P@c3 N@h4 17. Rg1 
Nf6 18. Nxb8 Nxe4 19. R@c8+ N@d8 20. B@b5+ c6 21. Bxc6+ Qd7 22. Bxd7+ Ke7 
23. Qxe4+ Ne6 24. Re8+ Kf6 25. P@g5+ Nxg5 26. Q@e5# 
{Thufir checkmated} 1-0

[Event "fics rated crazyhouse match"]
[Site "fics, Oklahoma City, OK USA"]
[Date "2000.01.05"]
[White "Thufir"]
[WhiteElo "2348"]
[Black "jtp"]
[BlackElo "2262"]
[TimeControl "60+0"]
[Result "0-1"]

1. e4 Nf6 2. Nc3 d5 3. exd5 Nxd5 4. d4 e6 5. Bd3 Bb4 6. Bd2 
Qe7 7. P@e5 P@a3 8. Nxd5 Bxd2+ 9. Qxd2 axb2 10. Rd1 exd5 11. N@h5 f6 
12. B@h4 B@c1 13. Qe2 N@c3 14. exf6 P@d2+ 15. Kf1 Qxe2+ 16. Nxe2 Q@e1+ 17. Rxe1 
dxe1=Q+ 18. Kxe1 R@d1# 
{Thufir checkmated} 0-1